 Dungeon Crawl Stone Soup version 0.20.1-1-g8b1a95d (webtiles) character file.

827786 vatarom the Demonic Blade (level 25, -6/198 HPs)
             Began as a Demonspawn Gladiator on Sept 17, 2017.
             Was the Champion of Ru.
             Killed from afar by Lom Lobon (54 damage)
             ... with a great icy blast
             ... in Pandemonium on Sept 18, 2017.
             The game lasted 07:04:52 (88763 turns).

vatarom the Demonic Blade (Demonspawn Gladiator)   Turns: 88763, Time: 07:04:53

Health: -6/198     AC: 22    Str: 17    XL:     25
Magic:  36/36      EV: 31    Int:  7    God:    Ru [******]
Gold:   7929       SH: 19    Dex: 21    Spells: 18/42 levels left

rFire    + . .     SeeInvis +   z - +9 demon blade (elec)
rCold    + . .     Gourm    .   T - +2 shield "Jeuqef" {rPois rN+ Int+2}
rNeg     + + +     Faith    .   D - +4 troll leather armour
rPois    +         Spirit   .   (helmet unavailable)
rElec    +         Reflect  .   y - scarf {repulsion}
rCorr    .         Harm     .   e - +0 pair of gloves of Quantum Leap {rElec rN++}
MR       +....                  W - +2 pair of boots
Stlth    ++++......             s - amulet of regeneration
Regen    1.3/turn               h - ring of Intipa {+Fly rN+ Slay+4 SInv}
MPRegen  0.3/turn               Z - ring of protection from fire

@: sanguine armour, flying, very slightly contaminated, repel missiles
A: antennae 3, beak, claws 1, talons 1, clumsy 2, cold resistance 1, deformed
body, dopey 2, frail 1, nightstalker 2, passive freeze, screaming 1, spiny 3,
freezing cloud immunity, subdued magic 1, inability to train armour, no
conjurations magic, no hexes magic, no ice magic, disrupted magic 1, MP-powered
wands, inexperienced 1, missing an eye, sanguine armour 3
}: 6/15 runes: barnacled, slimy, silver, abyssal, demonic, gossamer
a: Draw Out Power, Power Leap, Apocalypse, Renounce Religion


You were in Pandemonium.
You worshipped Ru.
Ru was exalted by your worship.
You were very full.

You visited 12 branches of the dungeon, and saw 56 of its levels.
You visited Pandemonium 1 time, and saw 21 of its levels.
You visited the Abyss 2 times.
You also visited: Trove.

You collected 10732 gold pieces.
You spent 2803 gold pieces at shops.

Inventory:

Hand Weapons
 z - a +9 demon blade of electrocution (weapon)
Missiles
 k - 17 javelins of penetration (quivered)
Armour
 e - the +0 pair of gloves of Quantum Leap (worn) {rElec rN++}
   (You acquired it on level 2 of the Lair of Beasts)

   It insulates you from electricity.
   It greatly protects you from negative energy.
 q - a +2 large shield of cold resistance
 x - the +2 large shield of Ewnapt {Int+4}
   (You acquired it in Pandemonium)

   It affects your intelligence (+4).
 y - a scarf of repulsion (worn)
 D - a +4 troll leather armour (worn)
 T - the +2 shield "Jeuqef" (worn) {rPois rN+ Int+2}
   (You found it on level 4 of the Lair of Beasts)

   It affects your intelligence (+2).
   It protects you from poison.
   It protects you from negative energy.
 W - a +2 pair of boots (worn)
Jewellery
 b - the ring of Padwieq {rCorr MR++ Int+4}
   (You bought it in a shop on level 2 of the Vaults)

   [ring of resist corrosion]

   It affects your intelligence (+4).
   It affects your resistance to hostile enchantments.
 h - the ring of Intipa (left hand) {+Fly rN+ Slay+4 SInv}
   (You found it in a treasure trove)

   [ring of slaying]

   It affects your accuracy and damage with ranged weapons and melee attacks
   (+4).
   It protects you from negative energy.
   It lets you see invisible.
   It lets you fly.
 s - an amulet of regeneration (around neck)
 Z - a ring of protection from fire (right hand)
Wands
 d - a wand of digging (7/24)
 l - a wand of clouds (4/9)
 n - a wand of lightning (4/15)
 v - a wand of clouds (1/9)
 E - a wand of clouds (4/9)
 H - a wand of digging (3/24)
 S - a wand of digging (13/24)
Scrolls
 g - 4 scrolls of fear
 m - 2 scrolls of blinking
 r - 25 scrolls of remove curse
 B - 4 scrolls of summoning
 G - 6 scrolls of fog
 I - 2 scrolls of identify
 O - 4 scrolls of magic mapping
 P - 2 scrolls of enchant weapon
 V - 7 scrolls of teleportation
 X - 3 scrolls of recharging
Potions
 j - 21 potions of curing
 o - 2 potions of haste
 t - a potion of ambrosia
 u - a potion of flight
 A - 5 potions of brilliance
 F - 3 potions of magic
 J - 4 potions of cancellation
 K - 5 potions of agility
 L - a potion of might
 N - 4 potions of resistance
 Q - 2 potions of invisibility
 U - a potion of heal wounds
 Y - 4 potions of berserk rage
Books
 R - a book of Spatial Translocations

   Spells                             Type                      Level
   a - Blink                          Translocation                2
   b - Shroud of Golubria             Charms/Translocation         2
   c - Lesser Beckoning               Translocation                3
   d - Gell's Gravitas                Translocation                3
   e - Teleport Other                 Translocation                3
   f - Passage of Golubria            Translocation                4
Miscellaneous
 a - a lightning rod (4/4)
 C - a phial of floods
Comestibles
 f - 6 bread rations
 i - 24 meat rations
 p - 22 royal jellies
 w - 43 fruits


   Skills:
 - Level 23.3 Fighting
 + Level 23.7 Long Blades
 - Level 14.3 Throwing
   Level 0.0 Armour
 + Level 20.9 Dodging
 - Level 23.4 Shields
 - Level 9.4 Spellcasting
 - Level 12.4 Charms
 - Level 19.2 Necromancy
 - Level 7.0 Translocations
 - Level 11.7 Evocations


You had 18 spell levels left.
You knew the following spells:

 Your Spells              Type           Power        Failure   Level  Hunger
a - Spectral Weapon       Hex/Chrm       #.......     6%          3    ###....
b - Shroud of Golubria    Chrm/Tloc      ##........   1%          2    ##.....
c - Regeneration          Chrm/Necr      ###.......   1%          3    ###....
d - Summon Butterflies    Summ           #.......     26%         1    None
e - Deflect Missiles      Chrm/Air       #.........   96%         6    #######
f - Control Undead        Necr           ###.......   1%          4    ####...
g - Dispel Undead         Necr           ###.....     1%          5    ######.


Dungeon Overview and Level Annotations

Branches:
Dungeon (15/15)            Temple (1/1) D:5            Lair (6/6) D:10
 Shoals (4/4) Lair:2       Spider (4/4) Lair:4        Slime (5/5) Lair:5
    Orc (2/2) D:10            Elf (3/3) Orc:2        Vaults (5/5) D:13
  Crypt (3/3) Vaults:3       Tomb (0/3) Crypt:3      Depths (5/5) D:15
    Zot (3/5) Depths:5

Altars:
Ashenzari
Cheibriados
Dithmenos
Elyvilon
Fedhas
Gozag
Hepliaklqana
Kikubaaqudgha
Makhleb
Nemelex Xobeh
Okawaru
Qazlal
Ru
Sif Muna
Trog
Uskayaw
Vehumet
Xom
Yredelemnul
Zin
The Shining One
Beogh
Jiyva

Shops:
D:7 ?   D:11 :   D:14 :   Orc:2 ?([*:   Shoals:4 [   Vaults:1 }
Vaults:2 :=:}(   Vaults:3 =   Vaults:5 ?

Portals:
Hell: Depths:1 Depths:2 Depths:3 Depths:4 Depths:5
Abyss: Depths:3 Depths:4
Pandemonium: Depths:3
Ziggurat: Depths:3

Annotations:
D:4 Thaneod's ghost, amateur MiFi
D:15 exclusion: Roxanne, Roxanne
Elf:2 1 exclusion
Depths:3 exclusion: downstairs
Pan 2 exclusions, Lom Lobon


Innate Abilities, Weirdness & Mutations

You have a pair of large antennae on your head. (SInv)
You are very clumsy. (Dex -4)
Your flesh is cold resistant. (rC+)
You are significantly more attuned to the shadows.
A frigid envelope surrounds you and freezes all who hurt you.
You are completely covered in sharp spines.
You are immune to freezing clouds.
You cannot train Armour skill.
You cannot study or cast Conjurations magic.
You cannot study or cast Hexes magic.
You cannot study or cast Ice magic.
Your casting is slightly disrupted.
You are somewhat inexperienced. (-2 XL)
You are missing an eye, making it more difficult to aim.
When seriously injured, your bleeding wounds create very thick armour. (AC +12)
You have a beak for a mouth.
You have sharp fingernails.
You have sharp toenails.
Armour fits poorly on your strangely shaped body.
You are very dopey. (Int -4)
You are frail. (-10% HP)
You occasionally shout uncontrollably at your foes.
Your spells are a little easier to cast, but a little less powerful.
You expend magic power (3 MP) to strengthen your wands.


Message History

The ice encasing you melts away. Lom Lobon gestures at you.
Lom Lobon conjures a mighty blast of ice!
The great icy blast engulfs the ball lightning.
The ball lightning partially resists.
The ball lightning explodes!
The blast of lightning engulfs the ball lightning.
The ball lightning completely resists.
The blast of lightning engulfs Lom Lobon.
Lom Lobon completely resists.
The blast of lightning engulfs the ball lightning.
The ball lightning completely resists.
The great icy blast engulfs the ball lightning.
The ball lightning partially resists.
The ball lightning explodes!
The blast of lightning engulfs you!
The blast of lightning engulfs Lom Lobon.
Lom Lobon completely resists.
The great icy blast engulfs you! You partially resist.
You die...

**≈≈≈≈###...........#####≈≈≈
*≈≈≈≈##.......⌠........#≈≈≈≈
*≈≈≈*#≈........[.......##≈≈≈
*≈≈**≈≈.................##≈≈
**≈≈*≈≈≈≈...#######.......#≈.
*≈≈≈*≈≈≈≈#..#.....####....#..
*≈≈**≈≈###..........,###..##.
*≈≈*≈≈*#............,,,##..#.
*≈≈*≈*#..§§§@.......,,,,##...
*≈≈***...§§§§§§......,,,,#.#.
**≈≈**...§§§§§§......,,,,###.
*≈≈**,....§§§.......,,,,##..
*≈≈≈*,......&§§§§§..,,,,#≈..
**≈≈**......§*§§§§..,,,##≈≈.
*≈≈≈*#§....§§§§§§..,,##≈≈≈≈
**≈≈≈###...§§§§§§..**#≈≈≈≈≈
*≈≈≈≈≈####§§§§§§##*≈≈≈≈≈≈≈


You could see Lom Lobon (wandering) and a ball lightning (wandering).

Vanquished Creatures
  the Royal Jelly (Slime:5)
  Mennas (Vaults:4)
  3 juggernauts
  3 ancient liches
  3 pandemonium lords (Pan)
  The ghost of manon the Slayer, a legendary GrFi of the Shining One (Pan)
  17 golden dragons
  Nikola (Spider:1)
  9 caustic shrikes
  A profane servitor (Crypt:3)
  2 Tzitzimimeh (Pan)
  A bone dragon (Crypt:3)
  3 electric golems
  3 Brimstone Fiends (Pan)
  3 Ice Fiends
  11 liches
  15 tentacled monstrosities
  6 quicksilver dragons
  A deep elf blademaster (Elf:3)
  3 Hell Sentinels (Pan)
  A deep elf master archer (Elf:3)
  8 titans
  Frances (D:12)
  45 large abominations
  14 acid blobs
  10 sphinxes
  Polyphemus (Shoals:3)
  A kraken (Shoals:1)
  5 death cobs
  8 ancient champions
  6 tentacled starspawn
  10 Executioners
  Kirke (Shoals:2)
  13 draconian monks
  9 revenants
  9 tengu reavers
  2 daevas
  9 storm dragons
  Ilsuiw (Shoals:3)
  9 shadow dragons
  6 azure jellies
  An orc warlord (Orc:1)
  8 deep elf sorcerers
  15 frost giants
  2 draconian knights (Zot:1)
  15 fire giants
  3 iron dragons
  14 vault wardens
  10 cacodemons (Pan)
  2 ghost moths (Spider:4)
  3 draconian scorchers
  9 corrupters (Pan)
  An angel (Abyss:3)
  11 warmongers (Pan)
  10 balrugs
  A curse skull (Vaults:3)
  A draconian stormcaller (Zot:3)
  3 reapers (Pan)
  8 deep elf elementalists
  3 draconian shifters
  8 draconian annihilators
  3 emperor scorpions (Spider:3)
  4 spriggan defenders
  4 ghouls
  19 ironheart preservers
  2 war gargoyles
  2 ophanim (Abyss:3)
  24 stone giants
  7 blood saints (Pan)
  4 entropy weavers
  7 white draconians
  8 black suns (Pan)
  37 very ugly things
  13 green draconians
  4 deep elf demonologists
  8 purple draconians
  13 red draconians
  2 lorocyprocas (Pan)
  10 vampire knights
  9 deep elf annihilators
  11 spark wasps
  7 black draconians
  4 dire elephants (Lair:6)
  6 merfolk javelineers
  8 yellow draconians
  10 eidola
  13 ettins
  A spectral quicksilver dragon (Crypt:3)
  14 deep elf death magi
  7 blizzard demons (Pan)
  7 merfolk impalers
  2 crystal guardians
  4 death oozes (Slime:5)
  19 green deaths
  22 jiangshi
  6 deep elf high priests
  18 fire dragons
  20 yaktaur captains
  13 great orbs of eyes
  2 quicksilver dragon zombies
  12 rakshasas
  42 vault guards
  Erolcha (D:12)
  An ice dragon (shapeshifter) (Vaults:4)
  7 hydras
  19 ice dragons
  8 spriggan air magi
  8 monstrous demonspawn (Pan)
  2 catoblepae
  3 hell beasts
  11 centaur warriors
  2 merfolk avatars
  66 two-headed ogres
  32 dancing weapons
  13 vampire magi
  20 ogre magi
  20 death yaks
  3 merfolk aquamancers
  An anaconda (Lair:6)
  8 satyrs
  A satyr (shapeshifter) (Depths:5)
  7 tengu warriors
  9 deep troll shamans
  12 death knights
  6 deep troll earth magi
  6 spriggan berserkers
  5 orc high priests
  3 thrashing horrors (Abyss:1)
  A storm dragon zombie (Crypt:1)
  The ghost of Thaneod the Fighter, a novice MiFi of Trog (D:8)
  48 sun demons
  7 wretched stars
  19 soul eaters (Pan)
  17 deep elf knights
  6 hell knights
  20 sixfirhies
  2 fire crabs (shapeshifter)
  6 iron trolls
  32 deep trolls
  3 spatial maelstroms
  7 shadow wraiths
  An iron giant zombie (Crypt:1)
  35 skeletal warriors
  A death drake (shapeshifter) (Vaults:4)
  3 unseen horrors
  13 sea snakes
  4 gelid demonspawn (Pan)
  14 flayed ghosts
  8 infernal demonspawn (Pan)
  2 cherubim (Abyss:3)
  Pikel (D:8)
  16 deep elf archers
  12 shadow demons (Pan)
  A swamp dragon (shapeshifter) (Elf:3)
  15 phantasmal warriors
  6 glowing orange brains
  13 torturous demonspawn (Pan)
  4 wizards
  16 ironbrand convokers
  An orb spider (shapeshifter) (Elf:1)
  A harpy (shapeshifter) (Depths:2)
  2 iron dragon zombies
  A golden dragon skeleton (Crypt:1)
  10 necromancers
  13 orc knights
  24 harpies
  9 orb spiders
  A wolf spider zombie (Crypt:1)
  4 stone giant zombies
  8 orc sorcerers
  A shining eye (shapeshifter) (Elf:3)
  A frost giant zombie (Crypt:1)
  A tengu skeleton (Vaults:4)
  56 deep elf magi
  3 worldbinders
  58 ugly things
  39 wolf spiders
  13 moths of wrath
  7 cyclopes
  2 fire giant skeletons
  A fire giant zombie (Crypt:1)
  14 manticores
  3 shining eyes
  A guardian serpent (Abyss:3)
  A shadow dragon skeleton (Crypt:1)
  29 fauns
  9 elephants
  A stone giant skeleton (Vaults:3)
  A centaur zombie (D:14)
  10 black mambas
  11 merfolk sirens
  A dire elephant zombie (Crypt:3)
  22 vault sentinels
  A water nymph (shapeshifter) (Depths:2)
  A guardian serpent (shapeshifter) (Vaults:4)
  5 water nymphs
  30 smoke demons
  An eye of devastation (Slime:3)
  6 rust devils
  11 spiny frogs
  A gargoyle (D:13)
  An emperor scorpion zombie (Crypt:1)
  A torpor snail (Spider:3)
  16 orange demons (Pan)
  5 efreet
  5 hellions
  12 komodo dragons
  15 freezing wraiths
  A dire elephant skeleton (Crypt:3)
  A pale draconian zombie (Crypt:1)
  61 yaktaurs
  27 demonic crawlers
  An anaconda simulacrum (Abyss:1)
  A rime drake (Lair:3)
  16 tormentors (Pan)
  A rime drake (shapeshifter) (Depths:5)
  A yaktaur (shapeshifter) (Vaults:3)
  18 red devils
  3 tengu conjurers
  21 hellwings
  5 ancient zymes
  2 ice devils (Pan)
  41 merfolk
  A black draconian skeleton (Crypt:2)
  3 polar bears
  Grinder (D:5)
  A meliai (shapeshifter) (Depths:1)
  A hydra zombie (Abyss:3)
  A hornet (shapeshifter) (Spider:4)
  A queen bee (shapeshifter) (Vaults:3)
  11 trolls
  2 meliai (D:15)
  2 trolls (shapeshifter)
  2 tyrant leeches (shapeshifter)
  44 jumping spiders
  7 wind drakes
  A hydra skeleton (Crypt:3)
  A frost giant simulacrum (Vaults:2)
  A bog body (Crypt:1)
  109 slime creatures
  17 hornets
  An ettin zombie (Crypt:3)
  16 raiju
  6 hippogriffs
  19 blink frogs
  8 snapping turtles
  46 flying skulls
  An ice dragon skeleton (Crypt:1)
  10 spriggans
  A black mamba zombie (Crypt:1)
  4 ice dragon zombies
  2 tarantellas (shapeshifter)
  90 redbacks
  A vampire (D:13)
  18 air elementals
  9 starcursed masses
  3 wyverns
  27 ynoxinuls
  A fire dragon skeleton (Crypt:3)
  33 tarantellas
  A spriggan (shapeshifter) (Abyss:3)
  5 shadows
  2 yaks (shapeshifter) (Vaults:1)
  A basilisk (Lair:4)
  6 hogs (Shoals:2)
  36 yaks
  15 wraiths
  4 fire elementals
  A golden eye (shapeshifter) (Vaults:4)
  14 water elementals
  2 golden eyes
  A steam dragon (Lair:3)
  4 hungry ghosts
  15 chaos spawn
  Grum (D:11)
  12 neqoxecs
  2 spatial vortices (Abyss:3)
  A swamp worm (shapeshifter) (Vaults:5)
  A warg (shapeshifter) (Vaults:1)
  8 swamp worms (Lair:6)
  A soldier ant (shapeshifter) (Depths:2)
  9 wargs
  20 small abominations
  A soldier ant (D:12)
  An infernal demonspawn zombie (Crypt:2)
  An acid dragon (Vaults:1)
  A hell hound (Depths:2)
  11 porcupines
  12 water moccasins
  3 floating eyes
  45 orc warriors
  2 slaves (D:8)
  3 ice beasts
  A sky beast (shapeshifter) (Depths:3)
  3 black bears
  A dream sheep zombie (Crypt:1)
  2 necrophages
  A fire dragon simulacrum (Crypt:1)
  5 sky beasts
  3 eyes of draining
  2 phantoms
  An ice dragon simulacrum (Abyss:2)
  36 ogres
  An ettin simulacrum (Abyss:1)
  A boggart (shapeshifter) (Vaults:4)
  29 wolves
  16 boggarts
  11 crocodiles
  22 centaurs
  2 human skeletons (Vaults:3)
  2 big kobolds
  A bullfrog (shapeshifter) (Vaults:5)
  14 bullfrogs
  3 earth elementals
  7 killer bees
  3 scorpions
  A manticore simulacrum (Crypt:1)
  11 wights
  A spriggan skeleton (Crypt:1)
  2 vampire bats (Lair:2)
  4 howler monkeys
  7 electric eels
  3 jellies
  3 crimson imps
  2 quasits (Abyss:1)
  A human simulacrum (Vaults:3)
  2 bullfrog zombies
  A soldier ant zombie (Crypt:2)
  A bullfrog skeleton (D:6)
  4 centaur skeletons
  6 hounds
  19 orc priests
  A gnoll shaman (D:9)
  2 iron imps
  A demonspawn skeleton (Crypt:2)
  Natasha (twice) (D:2)
  6 hell rats (Lair:5)
  An iguana (D:14)
  12 worker ants
  40 orc wizards
  2 hound skeletons
  A hound zombie (D:11)
  2 worker ant zombies
  A howler monkey skeleton (D:6)
  A howler monkey zombie (D:11)
  Robin (D:3)
  3 gnolls (D:9)
  13 adders
  14 white imps
  4 ufetubi
  An ooze (D:4)
  An adder zombie (D:10)
  5 adder skeletons
  A ball lightning (Zot:2)
  A dart slug (D:4)
  17 worms
  3 leopard geckos
  81 orcs
  7 giant cockroaches
  11 goblins
  12 hobgoblins
  3 jackals (D:5)
  4 quokkas
  3 ball pythons
  18 bats
  6 frilled lizards
  A jackal zombie (Crypt:1)
  7 kobolds
  A leopard gecko skeleton (D:3)
  A leopard gecko zombie (D:3)
  An orc skeleton (Crypt:2)
  A quokka zombie (D:3)
  4 rats
  A fungus (Lair:3)
  42 plants
  3 tentacles (Shoals:1)
3413 creatures vanquished.

Vanquished Creatures (collateral kills)
  A vampire knight (Crypt:3)
  A dire elephant (Lair:6)
  Josephine (Lair:5)
  A deep elf death mage (Crypt:3)
  A death knight (Crypt:3)
  A spectral frost giant (Crypt:3)
  5 skeletal warriors (Crypt:3)
  A phantasmal warrior (Crypt:3)
  An ugly thing (Depths:3)
  A freezing wraith (Crypt:3)
  A yaktaur (Depths:3)
  A wind drake (Shoals:3)
  7 flying skulls (Crypt:3)
  3 wraiths
  An orc warrior (Vaults:1)
  2 necrophages (Crypt:3)
  An orc wizard (Vaults:1)
  An orc (Vaults:1)
31 creatures vanquished.

Vanquished Creatures (others)
  A tentacled monstrosity (Vaults:5)
  A quicksilver dragon (Depths:5)
  A titan (Vaults:5)
  2 death cobs
  A storm dragon (Zot:2)
  A shadow dragon (Depths:4)
  3 fire giants
  A frost giant (Depths:2)
  An emperor scorpion (Spider:2)
  2 draconian scorchers (Zot:1)
  A draconian stormcaller (Zot:1)
  A reaper (Pan)
  A very ugly thing (Depths:1)
  A lorocyproca (Pan)
  A white draconian (Zot:1)
  A black sun (Pan)
  A black draconian (Zot:1)
  A red draconian (Zot:1)
  A dire elephant (Lair:6)
  A spark wasp (Spider:3)
  An ettin (Depths:3)
  2 blizzard demons (Pan)
  A jiangshi (Crypt:3)
  A yaktaur captain (Vaults:4)
  A rakshasa (Pan)
  A death yak (Shoals:2)
  A hell hog (Abyss:1)
  2 dancing weapons
  A deep elf knight (Elf:2)
  A sixfirhy (Abyss:3)
  A sun demon (Pan)
  An infernal demonspawn (Pan)
  A glowing orange brain (Pan)
  A deep elf archer (Vaults:4)
  A harpy (Shoals:4)
  2 phantasmal warriors (Crypt:3)
  An ironbrand convoker (Vaults:4)
  An ugly thing (Depths:2)
  3 wolf spiders
  A manticore (Shoals:2)
  A frost giant zombie (Vaults:4)
  4 moths of wrath
  2 merfolk sirens
  A vault sentinel (Vaults:5)
  A smoke demon (Pan)
  2 orange demons (Pan)
  3 yaktaurs
  2 merfolk
  A red devil (Pan)
  An ancient zyme (Abyss:3)
  A meliai (D:15)
  An ettin zombie (Vaults:3)
  A hornet (Depths:3)
  2 slime creatures
  A blink frog (Lair:4)
  5 redbacks
  A wraith (Crypt:1)
  A water elemental (Shoals:1)
  2 ynoxinuls (Pan)
  An orc warrior (Vaults:4)
  A necrophage (Crypt:3)
  4 boggarts
  A slave (D:10)
  3 ogres
  A bullfrog (Lair:3)
  2 small abominations
  An orc wizard (Vaults:4)
  A worker ant (D:8)
  A worker ant zombie (D:5)
  7 ball lightnings (Pan)
  2 orcs
  2 bushes
  16 fungi
  A lurking horror (Abyss:1)
  75 plants
  10 starspawn tentacles
  12 tentacles (Shoals:1)
223 creatures vanquished.

Grand Total: 3667 creatures vanquished

Notes
Turn   | Place    | Note
-------+----------+-------------------------------------------
     0 | D:1      | vatarom the Demonspawn Gladiator began the quest for the Orb.
     0 | D:1      | Reached XP level 1. HP: 16/16 MP: 1/1
   563 | D:1      | Gained mutation: You are slightly more attuned to the shadows. [demonic ancestry]
   563 | D:1      | Reached XP level 2. HP: 23/23 MP: 2/2
   979 | D:2      | Gained mutation: When seriously injured, your bleeding wounds create armour. (AC +12) [demonic ancestry]
   979 | D:2      | Reached XP level 3. HP: 13/28 MP: 3/3
  1479 | D:2      | Noticed Natasha
  1491 | D:2      | Killed Natasha
  1491 | D:2      | Reached XP level 4. HP: 20/34 MP: 4/4
  1628 | D:2      | Found a sacrificial altar of Ru.
  1636 | D:2      | Became a worshipper of Ru the Awakened
  1976 | D:2      | Found a hazy altar of Hepliaklqana.
  2147 | D:2      | Noticed Natasha
  2157 | D:2      | Killed Natasha
  2303 | D:3      | Gained mutation: You have a pair of small antennae on your head. [demonic ancestry]
  2303 | D:3      | Reached XP level 5. HP: 32/41 MP: 5/5
  2525 | D:3      | Found a radiant altar of Vehumet.
  2552 | D:3      | Found a basalt altar of Yredelemnul.
  2909 | D:3      | Reached skill level 5 in Long Blades
  3062 | D:3      | Noticed Robin
  3092 | D:3      | Killed Robin
  3092 | D:3      | Reached XP level 6. HP: 21/48 MP: 6/6
  3958 | D:4      | Noticed Thaneod's ghost (amateur MiFi)
  4189 | D:4      | Got a slimy dagger
  4211 | D:4      | Found an opulent altar of Gozag.
  4288 | D:4      | Noticed an angel
  4289 | D:4      | Found a glowing silver altar of Zin.
  4968 | D:5      | Entered Level 5 of the Dungeon
  4997 | D:5      | Identified the +4 dagger of the Swamp {chaos, rF+} (You found it on level 4 of the Dungeon)
  5031 | D:5      | Reached skill level 5 in Fighting
  5031 | D:5      | Reached XP level 7. HP: 40/56 MP: 7/7
  5115 | D:5      | Found a staircase to the Ecumenical Temple.
  5124 | Temple   | Entered the Ecumenical Temple
  5309 | D:5      | Reached skill level 1 in Armour
  5444 | D:5      | Noticed Grinder
  5457 | D:5      | Killed Grinder
  5614 | D:5      | Reached XP level 8. HP: 62/62 MP: 8/8
  6292 | D:6      | Got a faintly glowing dagger
  6296 | D:6      | Identified the +8 dagger "Udghepohi" {freeze, rElec rC+ Str+3} (You found it on level 6 of the Dungeon)
  7085 | D:7      | Found Uple's Magic Scroll Boutique.
  7117 | D:7      | Gained mutation: Your mind is acute. (Int +2) [potion of mutation]
  7117 | D:7      | Gained mutation: You are resistant to electric shocks. (rElec) [potion of mutation]
  7170 | D:7      | Reached skill level 5 in Dodging
  7302 | D:7      | Gained mutation: You have a pair of antennae on your head. [demonic ancestry]
  7302 | D:7      | Reached XP level 9. HP: 71/71 MP: 9/9
  7964 | D:8      | Noticed Pikel
  7999 | D:8      | Killed Pikel
  8122 | D:8      | Noticed Thaneod's ghost (novice MiFi)
  8134 | D:8      | Killed Thaneod's ghost
  8489 | D:8      | Gained mutation: You have a pair of large antennae on your head. (SInv) [demonic ancestry]
  8489 | D:8      | Reached XP level 10. HP: 54/83 MP: 10/10
  8549 | D:9      | Noticed a two-headed ogre
  8562 | D:9      | Killed a two-headed ogre
  8983 | D:9      | Gained mutation: You cannot train Armour skill. [Ru sacrifice]
  8983 | D:9      | Reached * piety under Ru
  9282 | D:10     | Entered Level 10 of the Dungeon
  9282 | D:10     | Noticed a two-headed ogre
  9376 | D:10     | Noticed an unseen horror
  9378 | D:10     | Killed an unseen horror
  9453 | D:10     | Reached skill level 5 in Throwing
  9643 | D:10     | Killed a two-headed ogre
  9767 | D:10     | Found a staircase to the Orcish Mines.
  9775 | D:10     | Found a roughly hewn altar of Beogh.
  9879 | D:10     | Found a staircase to the Lair.
 10218 | D:10     | Gained mutation: When seriously injured, your bleeding wounds create thick armour. (AC +12) [demonic ancestry]
 10218 | D:10     | Reached XP level 11. HP: 84/89 MP: 11/11
 10528 | D:11     | Noticed a two-headed ogre
 10561 | D:11     | Noticed Grum
 10677 | D:10     | Killed a two-headed ogre
 10683 | D:11     | Killed Grum
 10781 | D:11     | Reached skill level 10 in Dodging
 10938 | D:11     | Noticed a two-headed ogre
 10945 | D:11     | Killed a two-headed ogre
 11200 | D:11     | Found Kegoemm's Book Shoppe.
 11237 | D:12     | Found an iron altar of Okawaru.
 11237 | D:12     | Noticed Frances
 11298 | Lair:1   | Entered Level 1 of the Lair of Beasts
 11335 | Lair:1   | Gained mutation: Your casting is slightly disrupted. [Ru sacrifice]
 11528 | Lair:1   | Learned a level 3 spell: Spectral Weapon
 11544 | Lair:1   | You fall through a shaft!
 11915 | Lair:2   | Identified a scroll of acquirement
 11917 | Lair:2   | Got a pair of scorched gloves
 11923 | Lair:2   | Identified the +0 pair of gloves of Quantum Leap {rElec rN++} (You acquired it on level 2 of the Lair of Beasts)
 12050 | Lair:2   | Found a staircase to the Shoals.
 12478 | Lair:3   | Noticed a death yak
 12481 | Lair:3   | Noticed a death yak
 12481 | Lair:3   | Noticed a death yak
 12483 | Lair:3   | Noticed a death yak
 12511 | Lair:3   | Noticed a death yak
 12515 | Lair:3   | Noticed a death yak
 12549 | Lair:3   | Noticed a seven-headed hydra
 12605 | Lair:3   | Gained mutation: You are clumsy. (Dex -2) [Ru sacrifice]
 12605 | Lair:3   | Reached ** piety under Ru
 12638 | Lair:2   | Reached XP level 12. HP: 12/96 MP: 12/12
 12947 | Lair:3   | Killed a seven-headed hydra
 13021 | Lair:3   | Noticed a five-headed hydra
 13048 | Lair:3   | Killed a five-headed hydra
 13479 | Lair:3   | Noticed a four-headed hydra
 13491 | Lair:3   | Killed a four-headed hydra
 13796 | Lair:3   | Killed a death yak
 13798 | Lair:3   | Killed a death yak
 13798 | Lair:3   | Reached skill level 10 in Fighting
 13801 | Lair:3   | Killed a death yak
 13828 | Lair:3   | Killed a death yak
 13835 | Lair:3   | Killed a death yak
 13940 | Lair:3   | Killed a death yak
 14186 | Lair:4   | Got a jewelled shield
 14197 | Lair:4   | Identified the +2 shield "Jeuqef" {rPois rN+ Int+2} (You found it on level 4 of the Lair of Beasts)
 14349 | Lair:4   | Gained mutation: You cannot study or cast Ice magic. [Ru sacrifice]
 14349 | Lair:4   | Gained mutation: You cannot study or cast Hexes magic. [Ru sacrifice]
 14349 | Lair:4   | Gained mutation: You cannot study or cast Conjurations magic. [Ru sacrifice]
 14349 | Lair:4   | Reached *** piety under Ru
 14368 | Lair:4   | Found a hole to the Spider Nest.
 14493 | Lair:4   | Gained mutation: You are partially covered in sharp spines. [demonic ancestry]
 14493 | Lair:4   | Reached XP level 13. HP: 89/104 MP: 13/13
 15011 | Lair:5   | Reached skill level 10 in Long Blades
 15095 | Lair:5   | Noticed Josephine
 15111 | Lair:5   | Killed Josephine
 15111 | Lair:5   | Reached skill level 1 in Evocations
 15766 | Lair:5   | Found a viscous altar of Jiyva.
 15766 | Lair:5   | Found a staircase to the Slime Pits.
 15860 | Lair:6   | Entered Level 6 of the Lair of Beasts
 16023 | Lair:6   | Reached skill level 5 in Evocations
 16173 | Lair:5   | Gained mutation: You are missing an eye, making it more difficult to aim. [Ru sacrifice]
 16173 | Lair:5   | Reached **** piety under Ru
 16784 | Lair:6   | Got an encrusted double sword
 16785 | Lair:6   | Identified the +6 double sword "Qiackig" {freeze, rElec} (You found it on level 6 of the Lair of Beasts)
 16981 | Lair:5   | Reached skill level 1 in Shields
 16981 | Lair:5   | Gained mutation: When seriously injured, your bleeding wounds create very thick armour. (AC +12) [demonic ancestry]
 16981 | Lair:5   | Reached XP level 14. HP: 57/113 MP: 19/19
 18348 | Lair:6   | Got a crude leather armour
 18349 | Lair:6   | Identified the +0 leather armour of a volcano {Str+6 Int-3} (You found it on level 6 of the Lair of Beasts)
 18400 | Lair:6   | Reached skill level 5 in Shields
 19839 | D:12     | Noticed Erolcha
 19848 | D:12     | Killed Erolcha
 20195 | D:12     | Found a shattered altar of Ashenzari.
 20267 | D:12     | Killed Frances
 21113 | D:13     | Reached skill level 10 in Shields
 21358 | D:13     | Reached XP level 15. HP: 97/119 MP: 20/20
 21507 | D:13     | Found a gate to the Vaults.
 21730 | D:14     | Found Fuih's Book Boutique.
 22337 | D:15     | Entered Level 15 of the Dungeon
 22731 | D:15     | Noticed Roxanne
 23073 | D:15     | Found a staircase to the Depths.
 23958 | Orc:1    | Entered Level 1 of the Orcish Mines
 24040 | Orc:1    | Found a frozen archway.
 24218 | Orc:1    | Gained mutation: You are somewhat inexperienced. (-2 XL) [Ru sacrifice]
 24218 | Orc:1    | Reached XP level 14. HP: 113/113 MP: 19/19
 24218 | Orc:1    | Reached XP level 13. HP: 106/106 MP: 18/18
 24218 | Orc:1    | Reached ***** piety under Ru
 24218 | Orc:1    | Reached ****** piety under Ru
 24537 | Orc:2    | Entered Level 2 of the Orcish Mines
 24544 | Orc:2    | Found a staircase to the Elven Halls.
 24622 | Orc:2    | Found an iron altar of Okawaru.
 24782 | Orc:2    | Found Ysui's Magic Scroll Emporium.
 24901 | Orc:2    | Gained mutation: You are frail. (-10% HP) [a neqoxec]
 24903 | Orc:2    | Gained mutation: Armour fits poorly on your strangely shaped body. [a neqoxec]
 25140 | Orc:2    | Lost mutation: Your mind is acute. (Int +2) [a neqoxec]
 25155 | Orc:2    | Noticed an orc warlord
 25180 | Orc:2    | Paralysed by an orc sorcerer for 4 turns
 25252 | Orc:1    | Gained mutation: You are very clumsy. (Dex -4) [a neqoxec]
 25355 | Orc:1    | Killed an orc warlord
 25582 | Orc:2    | Reached XP level 14. HP: 58/101 MP: 19/19
 26093 | Orc:2    | Found Ziothrur's Antique Armour Boutique.
 26094 | Orc:2    | Found Noafuqit's General Store.
 26094 | Orc:2    | Found Kuda's Book Boutique.
 26094 | Orc:2    | Found Lasick's Antique Weapon Shop.
 26111 | Orc:2    | Bought a glowing large shield for 240 gold pieces
 26113 | Orc:2    | Bought a shiny scale mail for 224 gold pieces
 26327 | Spider:1 | Entered Level 1 of the Spider Nest
 26695 | Spider:1 | Got a smoking dagger
 26699 | Spider:1 | Identified the +10 dagger "Feagizop" {pierce, rC+ MR+ Str+4 Stlth-} (You found it on level 1 of the Spider Nest)
 26773 | Spider:1 | Noticed Nikola
 26799 | Spider:1 | Killed Nikola
 27139 | Spider:1 | Found a roughly hewn altar of Beogh.
 27384 | Spider:2 | Noticed an emperor scorpion
 27399 | Spider:2 | Killed an emperor scorpion
 27901 | Spider:2 | Noticed an entropy weaver
 27909 | Spider:2 | Killed an entropy weaver
 28193 | Spider:2 | Reached XP level 15. HP: 107/110 MP: 20/20
 29865 | Spider:4 | Entered Level 4 of the Spider Nest
 31325 | Spider:4 | Noticed a ghost moth
 31329 | Spider:4 | Got a pair of scorched gloves
 31341 | Spider:4 | Killed a ghost moth
 31405 | Spider:4 | Identified the +2 pair of gloves "Uklymaur" {+Blink} (You found it on level 4 of the Spider Nest)
 31678 | Spider:3 | Reached XP level 16. HP: 72/119 MP: 23/23
 32084 | Spider:4 | Got a gossamer rune of Zot
 32265 | Shoals:1 | Entered Level 1 of the Shoals
 32930 | Shoals:1 | Reached skill level 10 in Evocations
 33260 | Shoals:1 | Noticed a kraken
 33288 | Shoals:1 | Killed a kraken
 34108 | Shoals:3 | Noticed Polyphemus
 34205 | Shoals:3 | Noticed Kirke
 34452 | Shoals:2 | Killed Kirke
 34530 | Shoals:3 | Reached skill level 15 in Fighting
 35613 | Shoals:3 | Killed Polyphemus
 35852 | Shoals:3 | Gained mutation: Your flesh is cold resistant. (rC+) [demonic ancestry]
 35852 | Shoals:3 | Reached XP level 17. HP: 98/127 MP: 25/25
 36264 | Shoals:4 | Entered Level 4 of the Shoals
 36301 | Shoals:4 | Noticed Ilsuiw
 36628 | Shoals:3 | Killed Ilsuiw
 36670 | Shoals:4 | Reached skill level 15 in Long Blades
 37203 | Shoals:4 | Reached skill level 10 in Throwing
 37852 | Shoals:4 | Found Uneong's Armour Shop.
 38094 | Shoals:4 | Got a barnacled rune of Zot
 38225 | Shoals:4 | Bought the +3 pair of gauntlets of War {Slay+5} for 760 gold pieces
 38676 | Shoals:3 | Reached skill level 1 in Spellcasting
 38676 | Shoals:3 | Reached skill level 1 in Charms
 38939 | Vaults:1 | Entered Level 1 of the Vaults
 39215 | Vaults:1 | Gained mutation: You are immune to freezing clouds. [demonic ancestry]
 39215 | Vaults:1 | Reached XP level 18. HP: 80/135 MP: 26/26
 39910 | Vaults:1 | Found a portal to a secret trove of treasure.
 39942 | Vaults:1 | Lost mutation: You are very clumsy. (Dex -4) [potion of mutation]
 39942 | Vaults:1 | Lost mutation: You are frail. (-10% HP) [potion of mutation]
 39942 | Vaults:1 | Lost mutation: Armour fits poorly on your strangely shaped body. [potion of mutation]
 39942 | Vaults:1 | Lost mutation: You are resistant to electric shocks. (rElec) [potion of mutation]
 39942 | Vaults:1 | Gained mutation: Your spells are a little harder to cast, but a little more powerful. [potion of mutation]
 39942 | Vaults:1 | Gained mutation: Your body sometimes deteriorates upon taking damage. [potion of mutation]
 39942 | Vaults:1 | Gained mutation: You have sharp toenails. [potion of mutation]
 40170 | Vaults:1 | Found Wuquc's Gadget Shoppe.
 40461 | D:7      | Lost mutation: Your body sometimes deteriorates upon taking damage. [potion of mutation]
 40461 | D:7      | Lost mutation: You have sharp toenails. [potion of mutation]
 40461 | D:7      | Lost mutation: Your spells are a little harder to cast, but a little more powerful. [potion of mutation]
 40461 | D:7      | Gained mutation: You are very clumsy. (Dex -4) [potion of mutation]
 40461 | D:7      | Gained mutation: You are resistant to hostile enchantments. (MR+) [potion of mutation]
 40993 | Vaults:2 | Found Wete's Gadget Shoppe.
 41172 | Vaults:2 | Found Xomuirghe's Book Shoppe.
 41718 | Vaults:2 | Found Aryah's Antique Weapon Shoppe.
 41754 | Vaults:2 | Reached skill level 15 in Dodging
 41782 | Vaults:2 | Gained mutation: You are mostly covered in sharp spines. [demonic ancestry]
 41782 | Vaults:2 | Reached XP level 19. HP: 106/157 MP: 27/27
 41872 | Vaults:2 | Found Alose's Book Boutique.
 41874 | Vaults:2 | Found Ipu Ixodgh's Jewellery Shoppe.
 41918 | Vaults:2 | Bought the ring of Padwieq {rCorr MR++ Int+4} for 832 gold pieces
 43238 | Vaults:3 | Noticed Mennas
 43781 | Vaults:3 | Found Iweffabu's Jewellery Shop.
 44364 | Vaults:3 | Found a staircase to the Crypt.
 44690 | Vaults:4 | Killed Mennas
 44874 | Vaults:4 | Gained mutation: You are completely covered in sharp spines. [demonic ancestry]
 44874 | Vaults:4 | Reached XP level 20. HP: 126/164 MP: 28/28
 45234 | Vaults:4 | Got a pitted great sword
 45235 | Vaults:4 | Identified the cursed +0 great sword of Hukougg {flame, +Blink rElec rN++ Str-3} (You found it on level 4 of the Vaults)
 46177 | Depths:1 | Entered Level 1 of the Depths
 46611 | Depths:1 | Found a gateway to Hell.
 46750 | Depths:1 | Got a twisted scarf
 46751 | Depths:1 | Identified the scarf of Fasi {rC- MR+ Dex+2} (You found it on level 1 of the Depths)
 47822 | Depths:2 | Found a shimmering altar of Xom.
 47843 | Depths:2 | Reached XP level 21. HP: 130/170 MP: 29/29
 48080 | Depths:2 | Got a bloodstained scale mail
 48081 | Depths:2 | Identified the +4 scale mail of the Storm King {rElec rF+ Int-3} (You took it off a tengu warrior on level 2 of the Depths)
 48142 | Depths:2 | Noticed a caustic shrike
 48150 | Depths:2 | Killed a caustic shrike
 49315 | Depths:3 | Noticed a juggernaut
 49343 | Depths:3 | Killed a juggernaut
 49426 | Depths:3 | Noticed a caustic shrike
 49444 | Depths:3 | Noticed a caustic shrike
 49445 | Depths:3 | Noticed a caustic shrike
 49461 | Depths:3 | Killed a caustic shrike
 49475 | Depths:3 | Killed a caustic shrike
 49476 | Depths:3 | Noticed a caustic shrike
 49483 | Depths:3 | Noticed a caustic shrike
 49494 | Depths:3 | Killed a caustic shrike
 49509 | Depths:3 | Killed a caustic shrike
 49509 | Depths:3 | Gained mutation: A frigid envelope surrounds you and freezes all who hurt you. [demonic ancestry]
 49509 | Depths:3 | Reached XP level 22. HP: 65/181 MP: 26/30
 49519 | Depths:3 | Killed a caustic shrike
 49989 | Depths:3 | Got a crude platinum ring
 50095 | Depths:3 | Got a scorched dagger {elec}
 50096 | Depths:3 | Identified the cursed +2 dagger of Tijoalui {elec, rF+ Dex+3} (You took it off a boggart on level 3 of the Depths)
 50097 | Depths:3 | Identified the ring "Gabrugoi" {rPois Str+3 Slay+2} (You took it off a deep elf high priest on level 3 of the Depths)
 50310 | Depths:3 | Found a gateway to a ziggurat.
 50848 | Lair:1   | Learned a level 2 spell: Shroud of Golubria
 50852 | Lair:1   | Learned a level 3 spell: Regeneration
 51025 | Spider:4 | Learned a level 1 spell: Summon Butterflies
 51032 | Spider:4 | Learned a level 6 spell: Deflect Missiles
 51513 | Depths:3 | Found a one-way gate to the infinite horrors of the Abyss.
 51517 | Depths:3 | Found a one-way gate leading to the halls of Pandemonium.
 51763 | Depths:4 | Reached skill level 1 in Necromancy
 51778 | Depths:4 | Noticed a golden dragon
 51863 | Depths:4 | Noticed a golden dragon
 51990 | Depths:4 | Noticed a juggernaut
 51993 | Depths:3 | Paralysed by a floating eye for 4 turns
 52211 | Depths:4 | Got a faintly glowing great sword {flame}
 52213 | Depths:4 | Identified the +7 great sword of the Spinneret {flame, Str+3 SInv} (You took it off a frost giant on level 4 of the Depths)
 52254 | Depths:4 | Got a polished rapier
 52255 | Depths:4 | Identified the +6 rapier "Yhidoon" {antimagic, *Corrode rF+++} (You found it on level 4 of the Depths)
 52323 | Depths:4 | Killed a golden dragon
 52329 | Depths:4 | Killed a golden dragon
 52363 | Depths:4 | Reached skill level 5 in Charms
 52504 | Depths:4 | Reached skill level 5 in Necromancy
 52718 | Depths:4 | Noticed a golden dragon
 52720 | Depths:4 | Got a scorched leather armour
 52734 | Depths:4 | Killed a golden dragon
 52845 | Depths:4 | Found a snail-covered altar of Cheibriados.
 52853 | Depths:4 | Reached XP level 23. HP: 189/189 MP: 31/31
 52953 | Depths:4 | Killed a juggernaut
 53288 | Depths:5 | Entered Level 5 of the Depths
 53298 | Depths:5 | Reached skill level 5 in Spellcasting
 53719 | Depths:5 | Identified the +1 leather armour of Ethics {+Inv rF- rCorr} (You found it on level 4 of the Depths)
 54343 | Orc:2    | Bought a runed demon blade for 576 gold pieces
 55912 | Depths:5 | Reached skill level 10 in Necromancy
 56015 | Depths:5 | Noticed a caustic shrike
 56023 | Depths:5 | Killed a caustic shrike
 56298 | Depths:5 | Noticed a caustic shrike
 56301 | Depths:5 | Noticed a caustic shrike
 56316 | Depths:5 | Killed a caustic shrike
 56323 | Depths:5 | Killed a caustic shrike
 56323 | Depths:5 | Gained mutation: You are significantly more attuned to the shadows. [demonic ancestry]
 56323 | Depths:5 | Reached XP level 24. HP: 58/197 MP: 33/33
 56481 | Depths:5 | Found a gate to the Realm of Zot.
 57061 | Elf:1    | Entered Level 1 of the Elven Halls
 57074 | Elf:1    | Reached skill level 10 in Charms
 58229 | Elf:2    | Found a runed gate.
 58229 | Elf:2    | Found a runed gate.
 58230 | Elf:2    | Found a runed gate.
 58860 | Depths:3 | Voluntarily entered the Abyss.
 58867 | Abyss:1  | Found a corrupted altar of Lugonu.
 60111 | Abyss:2  | Gained mutation: You expend magic power (3 MP) to strengthen your wands. [a neqoxec]
 60472 | Abyss:3  | Found a glowing golden altar of the Shining One.
 60534 | Abyss:3  | Noticed a juggernaut
 60546 | Abyss:3  | Killed a juggernaut
 60549 | Abyss:3  | Got an abyssal rune of Zot
 60756 | Depths:3 | Escaped the Abyss
 61111 | Vaults:5 | Entered Level 5 of the Vaults
 61873 | Vaults:4 | Reached XP level 25. HP: 175/201 MP: 36/36
 62598 | Orc:2    | Bought a scroll of teleportation for 51 gold pieces
 62598 | Orc:2    | Bought a scroll of teleportation for 51 gold pieces
 62743 | D:7      | Bought a scroll of teleportation for 33 gold pieces
 63705 | Vaults:4 | Got a pair of bloodstained gloves
 63716 | Vaults:4 | Identified the +0 pair of gloves of Mezcal {Regen+ Stlth+} (You acquired it on level 4 of the Vaults)
 63861 | Vaults:5 | Found Goemahim's Magic Scroll Shoppe.
 63864 | Vaults:5 | Bought a scroll of teleportation for 36 gold pieces
 64006 | Vaults:5 | Got a silver rune of Zot
 64603 | Vaults:5 | Got a vibrating platinum amulet
 64604 | Vaults:5 | Identified the amulet "Vikaf" {RegenMP rElec Str+2 Dex+3} (You acquired it on level 5 of the Vaults)
 65221 | Crypt:1  | Entered Level 1 of the Crypt
 65368 | Crypt:1  | Reached skill level 15 in Shields
 65446 | Crypt:1  | Found a transporter.
 66299 | Crypt:1  | Identified the Catalogue of Stolen Souls
 66307 | Crypt:1  | Learned a level 4 spell: Control Undead
 67140 | Crypt:2  | Found a transporter.
 67147 | Crypt:2  | Found a radiant altar of Vehumet.
 67509 | Crypt:2  | Found a transporter.
 67531 | Crypt:2  | Noticed an ancient lich
 67553 | Crypt:2  | Killed an ancient lich
 67914 | Crypt:1  | Got a steaming crystal amulet
 67915 | Crypt:1  | Identified the amulet of Vanity {Faith MR+ Dex+5} (You found it on level 1 of the Crypt)
 67930 | Crypt:1  | Found a transporter.
 67952 | Crypt:1  | Learned a level 5 spell: Dispel Undead
 68013 | Crypt:3  | Entered Level 3 of the Crypt
 68355 | Crypt:3  | Found a basalt altar of Yredelemnul.
 69075 | Crypt:3  | Noticed an ancient lich
 69090 | Crypt:3  | Killed an ancient lich
 69403 | Crypt:3  | Found a staircase to the Tomb.
 69627 | Crypt:3  | Got a sparkling ruby amulet
 69630 | Crypt:3  | Identified the amulet "Miph" {Gourm rN+ Str+4 Stlth-} (You found it on level 3 of the Crypt)
 70272 | Zot:1    | Entered Level 1 of the Realm of Zot
 70386 | Zot:1    | Lost mutation: You are resistant to hostile enchantments. (MR+) [potion of mutation]
 70386 | Zot:1    | Lost mutation: You are very clumsy. (Dex -4) [potion of mutation]
 70386 | Zot:1    | Lost mutation: You expend magic power (3 MP) to strengthen your wands. [potion of mutation]
 70386 | Zot:1    | Gained mutation: You evolve. [potion of mutation]
 70386 | Zot:1    | Gained mutation: You are dopey. (Int -2) [potion of mutation]
 70386 | Zot:1    | Gained mutation: You have a beak for a mouth. [potion of mutation]
 70661 | Zot:1    | Found a stormy altar of Qazlal.
 70661 | Zot:1    | Noticed an ancient lich
 70673 | Zot:2    | Killed an ancient lich
 74597 | Elf:3    | Entered Level 3 of the Elven Halls
 75063 | Elf:3    | Gained mutation: Scrolls take you a little longer to read. [a shining eye]
 75580 | Elf:3    | Lost mutation: Scrolls take you a little longer to read. [evolution]
 75580 | Elf:3    | Lost mutation: You evolve. [end of evolution]
 76130 | Elf:3    | Got a shimmering ruby amulet
 76245 | Elf:3    | Identified the Almanac of Dusty Unholy Rites
 76252 | Elf:3    | Identified the amulet of Lugonu's Pride {RegenMP rElec rF+++ Dex-3 Slay-6} (You took it off a deep elf mage on level 3 of the Elven Halls)
 76290 | Elf:3    | Identified the Catalogue of Creative Clay
 76295 | Elf:3    | Identified Azobuat's Guide on Captivating Envenoming
 76652 | Slime:1  | Entered Level 1 of the Pits of Slime
 76758 | Slime:1  | Gained mutation: Scrolls take you a little longer to read. [a shining eye]
 76942 | Slime:1  | Gained mutation: Your magical capacity is low. (-10% MP) [a shining eye]
 76943 | Slime:1  | Gained mutation: Your body sometimes deteriorates upon taking damage. [a shining eye]
 77161 | Slime:5  | Entered Level 5 of the Pits of Slime
 77275 | Slime:5  | Found a viscous altar of Jiyva.
 77320 | Slime:5  | Noticed the Royal Jelly
 77334 | Slime:5  | Killed the Royal Jelly
 77396 | Slime:5  | Got a slimy rune of Zot
 77397 | Slime:5  | Identified the Guide on Burning Ice
 77455 | Slime:5  | Paralysed by a floating eye for 2 turns
 77564 | Slime:5  | Lost mutation: Your body sometimes deteriorates upon taking damage. [potion of mutation]
 77564 | Slime:5  | Lost mutation: Your magical capacity is low. (-10% MP) [potion of mutation]
 77564 | Slime:5  | Lost mutation: Scrolls take you a little longer to read. [potion of mutation]
 77564 | Slime:5  | Gained mutation: You have sharp fingernails. [potion of mutation]
 77564 | Slime:5  | Gained mutation: You have sharp toenails. [potion of mutation]
 77564 | Slime:5  | Gained mutation: Your natural rate of healing is unusually fast. [potion of mutation]
 77684 | Slime:5  | Gained mutation: You are very clumsy. (Dex -4) [a shining eye]
 78169 | Vaults:1 | You showed the slimy rune of Zot to enter a treasure trove
 78170 | Trove    | Entered a treasure trove
 78219 | Trove    | Got a polished great sword
 78227 | Trove    | Got a glittering lead ring
 78245 | Trove    | Got a pitted lapis lazuli ring
 78261 | Trove    | Got a twisted chain mail
 78276 | Trove    | Got a jewelled cloak
 78318 | Vaults:1 | Identified the ring of Intipa {+Fly rN+ Slay+4 SInv} (You found it in a treasure trove)
 78320 | Vaults:1 | Identified the ring of Fenes {Fire rElec Int+4 Stlth+} (You found it in a treasure trove)
 78335 | Vaults:1 | Identified the +1 chain mail "Hafeet" {*Corrode rC++ Int+7} (You found it in a treasure trove)
 78356 | Vaults:1 | Identified the cursed +0 cloak of Hopscotch {rF- Str-3 Int+3 Dex+7} (You found it in a treasure trove)
 78391 | Vaults:1 | Identified the +4 great sword of Exchange {protect, rN+ MR+ Str+4} (You found it in a treasure trove)
 78688 | Pan      | Entered Pandemonium
 79167 | Pan      | Noticed Damiva the pandemonium lord
 79195 | Pan      | Killed Damiva the pandemonium lord
 79209 | Pan      | Got a demonic rune of Zot
 79316 | Pan      | Noticed manon's ghost (legendary GrFi)
 79349 | Pan      | Found an exit through the horrors of the Abyss.
 79442 | Pan      | Killed manon's ghost
 79547 | Pan      | Got a crude long sword
 79548 | Pan      | Identified the cursed +0 long sword "Jopyx Nun" {flame, -Tele rN+ Dex+4} (You found it in Pandemonium)
 79893 | Pan      | Reached skill level 1 in Translocations
 80591 | Pan      | Found an exit through the horrors of the Abyss.
 80701 | Pan      | Noticed Tusm the pandemonium lord
 80897 | Pan      | Noticed Lucighov the pandemonium lord
 80927 | Pan      | Paralysed by Lucighov for 2 turns
 81548 | Pan      | Found an exit through the horrors of the Abyss.
 81835 | Pan      | Gained mutation: You expend magic power (3 MP) to strengthen your wands. [a cacodemon]
 81862 | Pan      | Reached skill level 5 in Translocations
 82335 | Pan      | Noticed Bucomm the pandemonium lord
 82545 | Pan      | Noticed Akhlob the pandemonium lord
 82716 | Pan      | Found an exit through the horrors of the Abyss.
 83082 | Pan      | Found a runed door.
 83091 | Pan      | Found a runed door.
 83102 | Pan      | Found a runed door.
 83112 | Pan      | Found a runed door.
 83184 | Pan      | Reached skill level 15 in Necromancy
 83268 | Pan      | Found an exit through the horrors of the Abyss.
 83335 | Pan      | Gained mutation: You are very dopey. (Int -4) [a cacodemon]
 83343 | Pan      | Gained mutation: Your spells are a little easier to cast, but a little less powerful. [a neqoxec]
 83390 | Pan      | Gained mutation: Armour fits poorly on your strangely shaped body. [a neqoxec]
 83436 | Pan      | Lost mutation: Your natural rate of healing is unusually fast. [a neqoxec]
 84025 | Pan      | Noticed Diror Uga the pandemonium lord
 84086 | Pan      | Killed Diror Uga the pandemonium lord
 84656 | Pan      | Found an exit through the horrors of the Abyss.
 84818 | Pan      | Gained mutation: You are frail. (-10% HP) [a neqoxec]
 85453 | Pan      | Identified the Almanac of the Ghastly Entourage
 85505 | Pan      | Cast into level 3 of the Abyss (torturous warmonger)
 86198 | Pan      | Escaped the Abyss
 86493 | Pan      | Gained mutation: You occasionally shout uncontrollably at your foes. [a cacodemon]
 86545 | Pan      | Found a huge runed gate.
 86980 | Pan      | Got a jewelled large shield
 86981 | Pan      | Identified the +2 large shield of Ewnapt {Int+4} (You acquired it in Pandemonium)
 87019 | Pan      | Found an exit through the horrors of the Abyss.
 87660 | Pan      | Noticed Ykuasil the pandemonium lord
 87702 | Pan      | Killed Ykuasil the pandemonium lord
 87863 | Pan      | Entered the realm of Lom Lobon.
 87940 | Pan      | Found an exit through the horrors of the Abyss.
 88021 | Pan      | Got a translucent plate armour
 88022 | Pan      | Identified the +4 plate armour of Mental Paralysis {Int+3 Dex+2} (You found it in Pandemonium)
 88713 | Pan      | Got a jewelled plate armour
 88716 | Pan      | Identified the +7 plate armour "Gaesse Sugei" {*Contam MR++ Regen+ SInv} (You found it in Pandemonium)
 88739 | Pan      | Noticed Lom Lobon
 88763 | Pan      | Killed from afar by Lom Lobon

Skill      XL: |  1  2  3  4  5  6  7  8  9 10 11 12 13 14 15 16 17 18 19 20 21 22 23 24 25 |
---------------+----------------------------------------------------------------------------+-----
Long Blades    | 3 4 5 6 7 8 9 11 12 13 14 15 16 17 18 20 21 23 | 23.7
Fighting       | 3 5 6 9 10 11 13 14 15 17 23 | 23.3
Armour         | 1 0 |  0.0
Dodging        | 3 5 7 9 11 12 13 15 16 18 20 | 20.9
Throwing       | 5 8 9 10 14 | 14.3
Evocations     | 6 7 9 11 | 11.7
Shields        | 13 10 12 23 | 23.4
Spellcasting   | 2 4 7 9 |  9.4
Charms         | 3 5 9 12 | 12.4
Necromancy     | 5 11 14 19 | 19.2
Translocations | 7 |  7.0

Action                   |  1- 3 |  4- 6 |  7- 9 | 10-12 | 13-15 | 16-18 | 19-21 | 22-24 | 25-27 || total
-------------------------+-------+-------+-------+-------+-------+-------+-------+-------+-------++-------
Melee: Long sword        |    69 |   229 |    25 |       |       |       |       |       |       ||   323
       Great sword       |       |       |   160 |   444 |   205 |       |       |       |       ||   809
       Unarmed           |       |       |    18 |       |       |       |       |       |       ||    18
       Double sword      |       |       |       |       |  1869 |  1589 |  1727 |   884 |    25 ||  6094
       Demon blade       |       |       |       |       |       |       |       |  1363 |  5385 ||  6748
       Peck              |       |       |       |       |       |       |       |       |  1176 ||  1176
Throw: Throwing net      |     4 |       |     2 |     2 |       |       |       |       |       ||     8
       Tomahawk          |       |       |       |    25 |    83 |   101 |     1 |     4 |       ||   214
       Javelin           |       |       |       |       |    18 |    36 |       |       |     9 ||    63
 Cast: Regeneration      |       |       |       |       |       |       |       |    20 |   105 ||   125
       Shroud of Golubri |       |       |       |       |       |       |       |     7 |    75 ||    82
       Summon Butterflie |       |       |       |       |       |       |       |     2 |     1 ||     3
       Dispel Undead     |       |       |       |       |       |       |       |       |    24 ||    24
       Control Undead    |       |       |       |       |       |       |       |       |    22 ||    22
Invok: Reject Sacrifices |       |     1 |       |       |     1 |       |       |       |       ||     2
       Sacrifice Durabil |       |       |       |     1 |       |       |       |       |       ||     1
       Sacrifice Purity  |       |       |       |     1 |       |       |       |       |       ||     1
       Sacrifice Essence |       |       |       |     1 |       |       |       |       |       ||     1
       Sacrifice Arcana  |       |       |       |     1 |       |       |       |       |       ||     1
       Power Leap        |       |       |       |       |    18 |     7 |     3 |     8 |     4 ||    40
       Draw Out Power    |       |       |       |       |     6 |     5 |     4 |     5 |     2 ||    22
       Apocalypse        |       |       |       |       |     2 |     4 |       |       |     2 ||     8
       Sacrifice Experie |       |       |       |       |     1 |       |       |       |       ||     1
       Sacrifice an Eye  |       |       |       |       |     1 |       |       |       |       ||     1
Evoke: Wand              |       |       |       |    14 |    18 |     4 |    12 |     8 |    23 ||    79
       Phial of floods   |       |       |       |     1 |     4 |     3 |     3 |     1 |     2 ||    14
       Lightning rod     |       |       |       |     3 |     9 |    12 |     7 |     1 |     8 ||    40
  Use: Scroll            |     7 |     3 |     5 |    15 |    17 |    12 |    13 |    14 |    34 ||   120
       Potion            |     2 |     1 |    10 |     6 |     6 |     5 |     8 |     9 |    16 ||    63
 Stab: Distracted        |     1 |       |       |     4 |    13 |     4 |    13 |    25 |    52 ||   112
       Sleeping          |     6 |    12 |     3 |     3 |     7 |     1 |     6 |     5 |    25 ||    68
       Confused          |       |       |     1 |     3 |       |       |     2 |       |     3 ||     9
       Held in net/web   |       |       |       |     3 |       |       |       |       |       ||     3
       Invisible         |       |       |       |     1 |    23 |    21 |    18 |    23 |    47 ||   133
       Paralysed         |       |       |       |       |    19 |    12 |    13 |     1 |    29 ||    74
       Petrified         |       |       |       |       |       |     4 |       |       |       ||     4
       Petrifying        |       |       |       |       |       |     1 |       |       |       ||     1
       Betrayed ally     |       |       |       |       |       |       |       |       |     1 ||     1
  Eat: Chunk             |     2 |    11 |     7 |     6 |    27 |    14 |     7 |     3 |    17 ||    94
       Meat ration       |       |       |     1 |     1 |     1 |     1 |       |     1 |     1 ||     6
       Bread ration      |       |       |       |     2 |     6 |     3 |     5 |     9 |    20 ||    45
       Royal jelly       |       |       |       |     1 |     2 |       |       |       |     3 ||     6
       Fruit             |       |       |       |       |       |     1 |       |       |       ||     1
Armor: Leather armour    |    20 |    64 |    60 |    20 |       |       |       |       |       ||   164
       Skin              |       |       |    21 |       |    12 |       |       |       |       ||    33
       Troll leather arm |       |       |       |    83 |   255 |   196 |   163 |   201 |   354 ||  1252
Dodge: Dodged            |    48 |   125 |   156 |   615 |  1439 |   797 |   645 |   950 |  2231 ||  7006
       Deflected         |       |       |       |       |       |       |       |    16 |    91 ||   107
Block: Shield            |       |       |       |       |  1453 |  1057 |   708 |   927 |  2932 ||  7077
       Rpst.: Long sword |    17 |    36 |       |       |       |       |       |       |       ||    53
       Great sword       |       |       |    47 |   155 |    59 |       |       |       |       ||   261
       Double sword      |       |       |       |       |   290 |   140 |   122 |    60 |       ||   612
       Demon blade       |       |       |       |       |       |       |       |   108 |   323 ||   431
